 Dungeon Crawl Stone Soup version 0.31-a0-466-g98c9adc2b6 (webtiles) character file.

Game seed: 12150280942637830431

33 HallandMoats the Trooper (level 3, 0/29 HPs)
             Began as a Demonspawn Fighter on Aug 5, 2023.
             Slain by a gnoll
             ... wielding a +0 flail
              (9 damage)
             ... on level 2 of the Dungeon.
             The game lasted 00:01:32 (1120 turns).

HallandMoats the Trooper (Demonspawn Fighter)       Turns: 1120, Time: 00:01:32

Health: 0/29       AC:  6    Str: 16    XL:     3   Next: 12%
Magic:  4/4        EV:  8    Int: 11    God:
Gold:   31         SH:  4    Dex: 12    Spells: 2/2 levels left

rFire   . . .        a - +0 war axe
rCold   . . .        c - +0 buckler
rNeg    . . .        b - +0 scale mail
rPois   .            (helmet currently unavailable)
rElec   .            (cloak currently unavailable)
rCorr   .            (gloves currently unavailable)
SInv    .            (boots currently unavailable)
Will    .....        (no amulet) Stlth
                     (no ring)
HPRegen 0.24/turn    (no ring)
MPRegen 0.09/turn

%: no passive effects
@: beast-form
A: beast (slay +0), demonic magic 1, weakness stinger 1
a: Begin Untransformation


You were on level 2 of the Dungeon.
You were a hulking beast.
You visited 1 branch of the dungeon, and saw 2 of its levels.

You collected 31 gold pieces.

Inventory:

Hand Weapons
 a - a +0 war axe (weapon)
Armour
 b - a +0 scale mail (worn)
 c - a +0 buckler (worn)
Talismans
 m - a beast talisman (active)
Scrolls
 e - a scroll of acquirement {unknown}
 h - a scroll of teleportation {unknown}
 k - a scroll of identify {unknown}
 l - a scroll of butterflies {unknown}
 n - a scroll of revelation {unknown}
Potions
 d - a potion of might
 f - 2 potions of lignification {unknown}
 g - a potion of brilliance {unknown}
 i - 2 potions of haste {unknown}
 j - a potion of mutation {unknown}


   Skills:
 + Level 3.5 Fighting
 + Level 2.3 Axes
 - Level 2.6 Armour
 - Level 2.6 Shields
 + Level 2.0 Invocations
 * Level 0.0 Shapeshifting


You had 2 spell levels left.
You didn't know any spells.
Your spell library was empty.

Dungeon Overview and Level Annotations

Branches:
Dungeon (2/15)

Altars:


Innate Abilities, Weirdness & Mutations

You are a hulking beast.
Your limbs bulge with bestial killing power. (Slay +0)
Spells you cast may paralyse adjacent enemies.
You have a small tail.


Message History

The kobold is severely wounded.
The kobold hits you but does no damage.
You barely miss the kobold.
The kobold is severely wounded.
The kobold barely misses you.
You barely miss the kobold.
The kobold is severely wounded.
The kobold hits you but does no damage. You block the kobold's attack.
You completely miss the kobold.
The kobold is severely wounded.
The kobold hits you with a +0 club.
You slash the kobold!
You kill the kobold!
Found 2 scrolls labelled TISSEIRUF EPROG.
Found an escape hatch in the ceiling.
Things that are here:
a +0 club; 2 stones; a kobold corpse A gnoll comes into view.
It is wielding a +0 flail.
A gnoll is nearby!
A gnoll is nearby!
A gnoll is nearby!
A gnoll is nearby!
The gnoll shouts!
You hit the gnoll but do no damage. The gnoll hits you with a +0 flail!
You barely miss the gnoll. The gnoll hits you but does no damage.
You hit the gnoll.
The gnoll is heavily wounded.
You block the gnoll's attack. The gnoll hits you with a +0 flail.
You closely miss the gnoll.
The gnoll is heavily wounded.
The gnoll barely misses you.
You hit the gnoll. You tail-slap the gnoll.
The gnoll is almost dead.
The gnoll hits you with a +0 flail!
* * * LOW HITPOINT WARNING * * *
You block the gnoll's attack.
You closely miss the gnoll.
The gnoll is severely wounded.
The gnoll hits you with a +0 flail!
You die...

.##
#.#####.........#
#####.#
#.........#
...##.#
#..../....#
...##.
###.........###
...##.
#............$#
...##.
#.....).......#
...##.
#.............#
...#
#.............#
.###
#...$...h.....#
#.......g.....#
....#+#..........
###. #..........
? #<.........
#..........
#..........
.........#'


You could see a gnoll.

Vanquished Creatures
  A worm (D:2)
  A dart slug (D:2)
  5 endoplasms
  2 giant cockroaches
  3 goblins
  A hobgoblin (D:1)
  2 kobolds (D:2)
  3 quokkas
  A ball python (D:2)
  2 bats (D:1)
  4 frilled lizards (D:1)
25 creatures vanquished.

Notes
Turn   | Place    | Note
-------+----------+-------------------------------------------
     0 | D:1      | HallandMoats the Demonspawn Fighter began the quest for the
                  | Orb.
     0 | D:1      | Reached XP level 1. HP: 18/18 MP: 1/1
   217 | D:1      | Reached skill level 1 in Invocations
   255 | D:1      | Gained mutation: Spells you cast may paralyse adjacent
                  | enemies. [demonic ancestry]
   255 | D:1      | Reached XP level 2. HP: 24/24 MP: 2/2
  1047 | D:2      | Gained mutation: You have a small tail. [demonic ancestry]
  1047 | D:2      | Reached XP level 3. HP: 28/29 MP: 4/4
  1120 | D:2      | Slain by a gnoll

Illustrated notes

Levels and vault maps discovered:
D:1:      lightli_arrival_statue_moat, layout_basic
D:2:      layout_basic

Skill      XL: |  1  2  3 |
---------------+----------+-----
Axes           | 2 |  2.3
Invocations    | 1 2 |  2.0
Fighting       | |  3.5
Armour         | |  2.6
Shields        | |  2.6

Action                     || total
---------------------------++-------
  Melee: War axe           ||    96
         Tailslap          ||     3
 Armour: Scale mail        ||    40
  Dodge: Dodged            ||    44
  Block: Buckler           ||    25
   Form: Beast             ||     1

Table legend: (Time is in decaauts)
 A = Elapsed time spent in this place.
 B = Non-inter-level travel time spent in this place.
 C = Inter-level travel time spent in this place.
 D = Time resting spent in this place.
 E = Time spent auto-exploring this place.
 F = Levels seen in this place.
 G = Mean time per level.
                   A        B        C        D        E       F      G
               +--------+--------+--------+--------+--------+-----+--------+
         Total |   1160 |   1076 |     84 |      0 |    831 |   2 |  580.0 |
       Dungeon |   1160 |   1076 |     84 |      0 |    831 |   2 |  580.0 |
               +--------+--------+--------+--------+--------+-----+--------+

Top non-repeatable levels by time:
     D:1: 820 daAuts
     D:2: 340 daAuts
